 Dungeon Sprint DCSS version 0.29.1-2-gbd0b4ee654 (webtiles) character file.

Game seed: 6468451114323598622

339 Zeld the Thaumaturge (level 6, -3/32 HPs)
             Began as a Deep Elf Conjurer on Nov 4, 2022.
             Was a Believer of Sif Muna.
             Slain by a wandering mushroom (18 damage)
             ... in the Dungeon (Sprint IV: "Fedhas' Mad Dash").
             The game lasted 00:02:05 (2040 turns).

Zeld the Thaumaturge (Deep Elf Conjurer)            Turns: 2040, Time: 00:02:06

Health: -3/32      AC:  2    Str:  4    XL:     6   Next: 29%
Magic:  16/21      EV: 15    Int: 25    God:    Sif Muna [**....]
Gold:   6          SH:  0    Dex: 13    Spells: 15/26 levels left

rFire   . . .      SeeInvis .   (no weapon)
rCold   . . .      Faith    .   (no shield)
rNeg    . . .      Spirit   .   a - +0 robe
rPois   .          Reflect  .   (no helmet)
rElec   .          Harm     .   (no cloak)
rCorr   .          Rampage  .   (no gloves)
Will    .....      NoTele   +   (no boots)
Stlth   ++........              d - amulet of invisibility {+Inv}
HPRegen 0.10/turn               (no ring)
MPRegen 0.17/turn               (no ring)

@: confused, very slightly contaminated, invisible
A: no striking features
a: Renounce Religion, Evoke Invisibility, Channel Magic


You were in the Dungeon.
You worshipped Sif Muna.
Sif Muna was pleased with you.
You visited 1 branch You collected 101 gold pieces.
You spent 95 gold pieces at shops.

Inventory:

Armour
 a - a +0 robe (worn)
Jewellery
 d - the amulet of invisibility (around neck) {+Inv}
   (You found it in the Dungeon)

   [amulet of nothing]

   +Inv:      It lets you turn invisible.
Wands
 g - a wand of mindburst (18)
Scrolls
 c - a scroll of fog {unknown}
 h - a scroll of summoning
Potions
 b - 2 potions of magic
 e - a potion of haste
 f - a potion of berserk rage


   Skills:
 + Level 7.0 Dodging
 + Level 7.6 Stealth
 * Level 10.5 Spellcasting
 * Level 9.6 Conjurations


You had 15 spell levels left.
You knew the following spells:

 Your Spells              Type           Power      Damage    Failure   Level
a - Magic Dart            Conj           100%       1d8       1%          1
b - Searing Ray           Conj           100%       2d8       1%          2
c - Fulminant Prism       Conj/Hex       18%        3d11      6%          4
d - Iskenderun's Mystic   Conj/Tloc      37%        2d9       6%          4

Your spell library contained the following spells:

 Spells                   Type           Power      Damage    Failure   Level
 Dazzling Flash           Conj/Hex       74%        N/A       1%          3


Dungeon Overview and Level Annotations

Branches:
Dungeon (1/1)

Altars:
Cheibriados
Dithmenos
Elyvilon
Gozag
Hepliaklqana
Kikubaaqudgha
Makhleb
Nemelex Xobeh
Okawaru
Qazlal
Ru
Sif Muna
Trog
Uskayaw
Vehumet
Wu Jian
Xom
Yredelemnul
Zin
The Shining One
Jiyva
Lugonu

Shops:
D *?


Message History

You fail to use your ability.
You fail to use your ability.
You fail to use your ability.
You fail to use your ability.
You fail to use your ability.
You fail to use your ability.
You fade into invisibility!
You are very lightly contaminated with residual magic.
You are already invisible!
You open the door.
Casting: Iskenderun's Mystic Blast (quite dangerous; 6% risk of failure)
Confirm with . or Enter, or press ? or * to list all spells.
The spell is quite dangerous to miscast (6% risk of failure)!
Continue anyway?
Aiming: Fulminant Prism (quite dangerous; 6% risk of failure)
Press: ? - help, Dir - move target You conjure a prism of explosive energy!
A fulminant prism comes into view.
The wandering mushroom releases spores at you.
You are engulfed in a cloud of spores!
You are confused.
The wandering mushroom misses you.
Your fulminant prism crackles loudly.
The wandering mushroom barely misses you.
Your fulminant prism explodes!
The blast of energy engulfs the burning bush!
The burning bush is moderately damaged.
You're too confused to cast spells.
There are monsters nearby!
Unknown command.
You're too confused to cast spells.
Unknown command.
You're too confused to cast spells.
You bump into the stone wall.
The wandering mushroom releases spores at you!
You are engulfed in a cloud of spores!
Okay, then.
You bump into the stone wall.
The wandering mushroom releases spores at you!!
Ouch! That really hurt!
You die...

################# #
._._._.⌠.#..).).# .#
_._._._..'..#...# .P+
._._._...#..###'##.?$#
_._._._..#..##∩∩@f...#
._._._.⌠.#############
##########


You could see a wandering mushroom (unable to see you) and a burning bush.

Vanquished Creatures
  3 scorpions (D)
  3 oklob saplings (D)
  2 spriggans (D)
  A river rat (D)
  A rat (D)
10 creatures vanquished.

Vanquished Creatures (others)
  5 fulminant prisms (D)
5 creatures vanquished.

Grand Total: 15 creatures vanquished

Notes
Turn   | Place    | Note
-------+----------+-------------------------------------------
     0 | D        | Zeld the Deep Elf Conjurer began the quest for the Orb.
     0 | D        | Reached XP level 1. HP: 10/10 MP: 6/6
     9 | D        | Reached skill level 4 in Spellcasting
     9 | D        | Reached skill level 5 in Conjurations
     9 | D        | Reached XP level 2. HP: 15/15 MP: 1/9
   296 | D        | Noticed a scorpion
   296 | D        | Found the amulet of invisibility {+Inv}
   300 | D        | Learned a level 2 spell: Searing Ray
   309 | D        | Killed a scorpion
   310 | D        | Reached skill level 6 in Spellcasting
   310 | D        | Reached XP level 3. HP: 11/19 MP: 9/13
   310 | D        | Reached XP level 4. HP: 15/24 MP: 9/14
   523 | D        | Found an opulent altar of Gozag.
   523 | D        | Found a hazy altar of Hepliaklqana.
   523 | D        | Found a burning altar of Makhleb.
   523 | D        | Found a sparkling altar of Nemelex Xobeh.
   523 | D        | Found a snail-covered altar of Cheibriados.
   523 | D        | Found a sacrificial altar of Ru.
   523 | D        | Found a shimmering blue altar of Sif Muna.
   523 | D        | Found a shimmering altar of Xom.
   523 | D        | Found a basalt altar of Yredelemnul.
   524 | D        | Found a viscous altar of Jiyva.
   524 | D        | Found a bloodstained altar of Trog.
   524 | D        | Found an ornate altar of the Wu Jian Council.
   525 | D        | Found an iron altar of Okawaru.
   525 | D        | Found a shadowy altar of Dithmenos.
   525 | D        | Found a glowing silver altar of Zin.
   526 | D        | Found an ancient bone altar of Kikubaaqudgha.
   526 | D        | Found a hide-covered altar of Uskayaw.
   527 | D        | Found a stormy altar of Qazlal.
   527 | D        | Found a glowing golden altar of the Shining One.
   527 | D        | Found a white marble altar of Elyvilon.
   528 | D        | Found a radiant altar of Vehumet.
   528 | D        | Found a corrupted altar of Lugonu.
   533 | D        | Became a worshipper of Sif Muna the Loreminder
   677 | D        | Reached skill level 5 in Stealth
   677 | D        | Reached skill level 7 in Spellcasting
  1040 | D        | Reached skill level 5 in Dodging
  1040 | D        | Reached skill level 8 in Spellcasting
  1040 | D        | Reached XP level 5. HP: 28/28 MP: 6/17
  1220 | D        | Reached * piety under Sif Muna
  1276 | D        | Reached skill level 9 in Spellcasting
  1282 | D        | Reached skill level 10 in Spellcasting
  1282 | D        | Reached XP level 6. HP: 21/32 MP: 8/21
  1287 | D        | Learned a level 4 spell: Fulminant Prism
  1292 | D        | Learned a level 4 spell: Iskenderun's Mystic Blast
  1595 | D        | Found Jatuuh's Magic Scroll Shop.
  1595 | D        | Found Gaomuh's General Store.
  1598 | D        | Bought a scroll of summoning for 95 gold pieces
  1805 | D        | Noticed a burning bush
  1805 | D        | Noticed a wandering mushroom
  1805 | D        | Noticed a wandering mushroom
  1809 | D        | Reached ** piety under Sif Muna
  2040 | D        | Slain by a wandering mushroom

Illustrated notes

Levels and vault maps discovered:
D:        dungeon_sprint_fedhas [sprint_temple]

Skill      XL: |  1  2  3  4  5  6 |
---------------+-------------------+-----
Dodging        | 3 4 5 6 7 |  7.0
Stealth        | 3 4 6 7 |  7.6
Spellcasting   | 4 6 8 10 | 10.5
Conjurations   | 5 6 7 9 |  9.6

Action                   |  1- 3 |  4- 6 || total
-------------------------+-------+-------++-------
 Cast: Magic Dart        |     6 |       ||     6
       Searing Ray       |     4 |     8 ||    12
       Fulminant Prism   |       |     5 ||     5
       Iskenderun's Myst |       |     4 ||     4
 Abil: Evoke Invisibilit |       |     8 ||     8
  Use: Potion            |     3 |       ||     3
       Scroll            |     1 |       ||     1
Dodge: Dodged            |     9 |     7 ||    16
